AoeStats
← zarrgunss

Fortress

510198897Analyzed
4v4 RM · 2d ago on Sep 29, 2026· 68m 7s· 8 players
Game mode
Random Map
Map size
Huge
Population
200
Speed
Normal
Resources
Standard
Victory
Conquest
Starting age
Dark Age
Ending age
Imperial Age
RankedLock teamsTeams togetherTeam positionsShared explorationLock speedFull tech treeHidden civsTurbo modeCheats
Victory
Defeat
🇺🇸 Slavs · United States
980
+15
🇦🇺 Britons · Australia
969
+15
🇬🇧 Khmer · United Kingdom
872
+19
🇵🇪 Romans · Peru
825
+21
🇺🇸 Lithuanians · United States
989
-19
🇺🇸 Bohemians · United States
930
-17
🇺🇸 Aztecs · United States
927
-17
🇨🇦 Danes · Canada
922
-17
HowManyMustDie
10:17 Feudal Age
14:48 Castle Age
12:48 Double-Bit Axe
14:03 Horse Collar
17:51 Wheelbarrow
17:32 Bow Saw
17:48 Heavy Plow
19:15 Loom
22:06 Fervor
23:06 Hand Cart
23:58 Stone Mining
24:02 Gold Mining
25:49 Stone Shaft Mining
30:42 Imperial Age
30:23 Murder Holes
30:42 Scale Barding Armor
30:28 Fletching
30:49 Elite Leitis
31:50 Conscription
31:43 Bloodlines
31:34 Husbandry
31:59 Chain Barding Armor
31:34 Fletching
33:17 Plate Barding Armor
32:39 Fletching
32:14 Light Cavalry
33:29 Winged Hussar
44:32 Cavalier
44:51 Crossbowman
46:01 Padded Archer Armor
46:26 Thumb Ring
49:33 Chemistry
48:52 Leather Archer Armor
53:48 Paladin
56:16 Tower Shields
56:58 Town Watch
59:50 Caravan
60:21 Coinage
SgtSpookjohnson
8:55 Feudal Age
11:35 Double-Bit Axe
14:09 Castle Age
15:14 Loom
18:19 Horse Collar
22:39 Bow Saw
25:19 Wheelbarrow
27:23 Imperial Age
25:55 Wheelbarrow
27:33 Scale Mail Armor
27:43 Forging
28:35 Conscription
28:38 Squires
28:24 Arson
28:59 Chain Mail Armor
29:54 Scale Barding Armor
30:26 Iron Casting
30:30 Plate Mail Armor
30:20 Elite Varangian Guard
31:34 Hamask
34:59 Blast Furnace
33:50 Fletching
36:28 Pikeman
37:17 Gold Mining
37:20 Stone Mining
37:39 Halberdier
38:07 Northmen's Fury
39:03 Masonry
39:15 Ballistics
39:57 Chemistry
38:53 Onager
49:06 Siege Onager
51:05 Elite Jomsviking
52:51 Man-at-Arms
63:45 Capped Ram
65:30 Bodkin Arrow
66:44 Siege Ram
donoban.ramirez
3:32 Loom
9:06 Feudal Age
13:31 Castle Age
11:20 Horse Collar
11:27 Double-Bit Axe
13:13 Stone Mining
13:18 Gold Mining
14:14 Scale Mail Armor
14:20 Stone Mining
15:12 Fletching
15:25 Padded Archer Armor
17:21 Crossbowman
18:26 Heavy Plow
18:19 Pikeman
19:56 Wheelbarrow
21:43 Gold Shaft Mining
20:38 Man-at-Arms
22:02 Fletching
22:58 Forging
23:08 Town Watch
23:43 Leather Archer Armor
24:32 Bow Saw
25:03 Bodkin Arrow
24:31 Long Swordsman
26:53 Hand Cart
27:36 Chain Mail Armor
27:29 Gambesons
29:04 Stone Shaft Mining
30:13 Iron Casting
30:33 Ballistics
34:43 Imperial Age
33:17 Eagle Warrior
35:23 Town Patrol
34:48 Two-Handed Swordsman
38:11 Plate Mail Armor
37:39 Elite Skirmisher
41:16 Blast Furnace
43:30 Chemistry
45:53 Squires
46:49 Arbalester
47:58 Siege Engineers
63:11 Garland Wars
66:20 Bracer
n2844522
8:04 Feudal Age
13:15 Castle Age
12:28 Double-Bit Axe
12:25 Horse Collar
12:56 Fletching
14:34 Forging
14:49 Loom
15:28 Pikeman
25:33 Chemistry
25:32 Bodkin Arrow
29:07 Scale Mail Armor
30:48 Iron Casting
30:59 Ballistics
31:27 Chain Mail Armor
32:30 Padded Archer Armor
36:42 Imperial Age
35:00 Leather Archer Armor
36:35 Masonry
39:41 Ring Archer Armor
39:12 Bracer
44:11 Plate Mail Armor
43:07 Halberdier
45:51 Blast Furnace
miltiades0490
5:04 Loom
7:19 Feudal Age
11:59 Castle Age
10:06 Double-Bit Axe
10:26 Horse Collar
14:19 Bow Saw
16:04 Heavy Plow
20:37 Wheelbarrow
20:03 Town Watch
21:11 Gold Mining
26:27 Imperial Age
27:22 Detinets
27:43 Conscription
28:49 Two-Man Saw
28:29 Crop Rotation
27:48 Elite Boyar
29:04 Hoardings
28:39 Scale Barding Armor
28:45 Forging
28:51 Masonry
29:07 Ballistics
29:48 Chemistry
29:12 Hand Cart
30:18 Fletching
30:30 Stone Mining
31:18 Gold Shaft Mining
31:59 Chain Barding Armor
31:36 Bodkin Arrow
33:53 Plate Barding Armor
33:53 Iron Casting
34:21 Capped Ram
37:08 Druzhina
36:58 Pikeman
37:57 Squires
37:42 Halberdier
39:49 Blast Furnace
38:52 Scale Mail Armor
49:39 Man-at-Arms
54:15 Long Swordsman
55:52 Caravan
55:48 Two-Handed Swordsman
57:28 Champion
63:44 Onager
65:24 Siege Ram
BetrayedSnail57
5:33 Loom
8:32 Feudal Age
9:16 Gold Mining
9:16 Double-Bit Axe
9:14 Horse Collar
10:11 Wheelbarrow
13:26 Castle Age
14:41 Heavy Plow
14:55 Bow Saw
14:41 Stone Mining
29:52 Imperial Age
28:08 Gold Shaft Mining
28:21 Fletching
28:32 Padded Archer Armor
28:37 Scale Barding Armor
29:01 Bodkin Arrow
29:55 Ballistics
30:05 Hand Cart
30:07 Bloodlines
29:58 Husbandry
32:06 Chemistry
31:09 Bracer
31:25 Leather Archer Armor
31:30 Chain Barding Armor
31:03 Light Cavalry
31:57 Double Crossbow
34:08 Ring Archer Armor
33:48 Forging
33:13 Elite Ballista Elephant
34:11 Capped Ram
35:03 Siege Ram
36:52 Hussar
38:49 Plate Barding Armor
38:50 Iron Casting
41:11 Pikeman
42:55 Blast Furnace
41:55 Scale Mail Armor
42:24 Halberdier
48:30 Chain Mail Armor
62:15 Caravan
65:42 Siege Engineers
TheSpider007917
7:28 Feudal Age
12:49 Castle Age
11:51 Double-Bit Axe
12:49 Fletching
13:00 Padded Archer Armor
13:31 Horse Collar
14:10 Crossbowman
14:51 Loom
15:58 Bodkin Arrow
19:41 Bow Saw
21:00 Stone Mining
22:57 Leather Archer Armor
24:25 Wheelbarrow
23:35 Town Watch
25:35 Hand Cart
25:34 Forging
25:59 Pikeman
26:39 Squires
30:33 Imperial Age
28:59 Town Patrol
29:38 Murder Holes
29:54 Masonry
30:05 Ballistics
30:19 Caravan
30:50 Coinage
30:56 Onager
32:50 Iron Casting
33:08 Conscription
33:24 Hoardings
32:14 Elite Skirmisher
34:05 Arrowslits
34:51 Architecture
34:33 Fortified Wall
34:04 Treadmill Crane
35:01 Bracer
35:06 Scale Mail Armor
37:28 Warwolf
38:47 Squires
38:33 Arson
38:34 Gambesons
38:10 Man-at-Arms
40:26 Ring Archer Armor
40:57 Blast Furnace
40:07 Elite Longbowman
41:58 Yeomen
41:06 Long Swordsman
43:24 Chemistry
42:31 Siege Engineers
42:33 Halberdier
45:50 Chain Mail Armor
45:21 Two-Handed Swordsman
46:05 Champion
46:28 Arbalester
46:31 Cranequins
49:17 Heavy Scorpion
49:18 Capped Ram
59:01 Plate Mail Armor
63:01 Gold Mining
zarrgunss
6:46 Feudal Age
7:11 Double-Bit Axe
13:09 Castle Age
13:43 Forging
15:15 Husbandry
16:21 Wheelbarrow
18:15 Stone Mining
19:24 Fletching
21:17 Bow Saw
22:14 Scale Barding Armor
22:01 Town Watch
24:57 Hand Cart
29:40 Imperial Age
28:23 Chain Barding Armor
29:26 Iron Casting
28:59 Loom
30:04 Squires
31:29 Elite Skirmisher
32:18 Gold Mining
33:01 Padded Archer Armor
33:57 Ballistics
34:04 Bloodlines
33:15 Light Cavalry
34:29 Bodkin Arrow
37:31 Plate Barding Armor
40:53 Blast Furnace
40:09 Leather Archer Armor
40:10 Pikeman
40:54 Scale Mail Armor
42:02 Chemistry
42:10 Gold Shaft Mining
43:43 Chain Mail Armor
43:17 Capped Ram
47:54 Ring Archer Armor
58:14 Halberdier
63:35 Heavy Scorpion
65:49 Ballistas
65:36 Siege Ram
Connection lost

Rejoining the realm…

Still unreachable

The connection could not be restored.

Session expired

The server has moved on; the page needs a fresh start.